 Dungeon Crawl Stone Soup version 0.16.2-12-gd0ad4c3 (webtiles) character file.

119 drareg the Slinger (level 5, -1/34 HPs)
             Began as a Halfling Hunter on Sept 12, 2015.
             Killed from afar by an orc wizard (8 damage)
             ... with a puff of flame
             ... on level 4 of the Dungeon.
             The game lasted 00:12:28 (1460 turns).

drareg the Slinger (Halfling Hunter)                Turns: 1460, Time: 00:12:28

Health: -1/34      AC:  4    Str: 12    XL:     5   Next: 23%
Magic:  5/5        EV: 15    Int: 10    God:
Gold:   68         SH:  0    Dex: 16    Spells: 0 memorised, 4 levels left

rFire  . . .     SeeInvis .     b - +1 hunting sling
rCold  . . .     Clarity  .     d - +0 leather armour
rNeg   . . .     SustAb   .     (no shield)
rPois  .         Gourm    .     z - +0 helmet
rElec  .         Spirit   .     (no cloak)
rCorr  .         Warding  .     (no gloves)
rMut   .         Stasis   .     (no boots)
MR     .....                    (no amulet)
Stlth  ++........               (no ring)
                                (no ring)

@: not resistant to hostile enchantments, unstealthy
A: mutation resistance 1
a: no special abilities


You were on level 4 of the Dungeon.
You were not hungry.

You visited 1 branch of the dungeon, and saw 4 of its levels.

You collected 68 gold pieces.

Inventory:

Hand weapons
 a - a +0 short sword
 b - a +1 hunting sling (weapon)
 n - a +0 short sword
 t - a +0 blowgun
Missiles
 c - 2 sling bullets (quivered)
 h - 74 stones
 u - 3 curare-tipped needles
 v - 10 poisoned needles
Armour
 d - a +0 leather armour (worn)
 w - a +1 robe of the Archmagi
 z - a +0 helmet (worn)
Magical devices
 m - a wand of flame (14)
 r - a wand of slowing (28)
Scrolls
 e - 3 scrolls of identify {unknown}
 g - 2 scrolls of noise {unknown}
 l - a scroll of amnesia {unknown}
 o - 2 scrolls of recharging {unknown}
 p - 2 scrolls of remove curse {unknown}
 q - a scroll of teleportation {unknown}
 x - a scroll of enchant weapon {unknown}
 y - a scroll of magic mapping {unknown}
Potions
 i - a potion of ambrosia {unknown}
 j - 2 potions of heal wounds {unknown}
 k - a potion of agility {unknown}
 A - a potion of flight {unknown}
 B - a potion of cure mutation {unknown}
 D - a potion of berserk rage {unknown}
Comestibles
 f - 2 bread rations
 s - 2 meat rations
 C - a royal jelly


   Skills:
 + Level 1.9 Fighting
 * Level 8.1 Slings
 + Level 0.7 Armour
 * Level 2.9 Dodging
 * Level 1.5 Stealth


You had 4 spell levels left.
You didn't know any spells.

Dungeon Overview and Level Annotations

Branches:
Dungeon (4/15)
 Temple: D:4-7

Altars:
Cheibriados
Trog


Innate Abilities, Weirdness & Mutations

You are small and have problems with some larger weapons.
You are somewhat resistant to further mutation.


Message History

You clumsily bash something but do no damage.
Something hits you but does no damage. x2
You see here 2 tomahawks.
Things that are here:
a sling bullet; an orc corpse
c - 3 sling bullets (gained 1)
Something hits you but does no damage.
An orc wizard appears from thin air!
Reactivating autopickup.
The orc wizard casts a spell at you. The magic dart hits you!
* * * LOW HITPOINT WARNING * * *
Firing (i - inventory. (,) - cycle):
c - 3 sling bullets (quivered)
Press: ? - help, Shift-Dir - straight line, f - orc wizard
Aim: an orc wizard, wielding a dagger and wearing a robe You shoot a sling bullet.
The sling bullet hits the orc wizard.
The orc wizard is moderately wounded.
The orc wizard gestures at you while chanting.
The puff of flame hits you!
You die... o

############### .#
#.............# ##.# #
..###########.# .(. ...
### ####.########(#..#
#.........(((..((#
#.##.##o#####.##.#
######.##.##.# .#
#)..........@# .#
#<.###.##.##.# .# #..#
#.##....# .. #####..#
#....>..## .# ...)#..#
##.###...###...#
###.#..# #.##
#...[.....#
#.#..###..###...###...#
#..........#...## #
###............#


You could see an orc wizard.

Vanquished Creatures
  A jelly (D:3)
  Terence (D:2)
  3 adders
  2 worms (D:3)
  A giant gecko (D:2)
  2 orcs (D:4)
  A bat skeleton (D:4)
  2 giant cockroaches (D:1)
  6 hobgoblins
  4 jackals (D:2)
  A ball python (D:2)
  2 giant newts
  2 goblins
  5 kobolds
  3 rats
36 creatures vanquished.

Notes
Turn   | Place    | Note
--------------------------------------------------------------
     0 | D:1      | drareg, the Halfling Hunter, began the quest for the Orb.
     0 | D:1      | Reached XP level 1. HP: 14/14 MP: 1/1
    19 | D:1      | Reached skill level 6 in Slings
   150 | D:1      | Reached XP level 2. HP: 16/19 MP: 2/2
   225 | D:2      | Noticed Terence
   232 | D:2      | Killed Terence
   240 | D:2      | Reached XP level 3. HP: 24/24 MP: 3/3
   245 | D:2      | Reached skill level 7 in Slings
   292 | D:2      | Found a snail-covered altar of Cheibriados.
   763 | D:3      | Reached XP level 4. HP: 29/29 MP: 4/4
   959 | D:3      | Found a bloodstained altar of Trog.
  1062 | D:3      | Reached XP level 5. HP: 31/34 MP: 5/5
  1072 | D:3      | Reached skill level 8 in Slings
  1460 | D:4      | Killed from afar by an orc wizard

Action                   |  1- 3 |  4- 6 || total
-------------------------+-------+-------++-------
Melee: Short sword       |     8 |    24 ||    32
       Hunting sling     |       |     1 ||     1
 Fire: Hunting sling     |    57 |    33 ||    90
  Eat: Bread ration      |       |     1 ||     1
